 Dungeon Crawl Stone Soup version 0.28-b1-70-g80dc712255 (webtiles) character file.

Game seed: 6015962865316354571

21 zeram the Ducker (level 2, 0/21 HPs)
             Began as an Octopode Fighter on Feb 4, 2022.
             Slain by Terence (3 damage)
             ... on level 1 of the Dungeon.
             The game lasted 00:00:48 (829 turns).

zeram the Ducker (Octopode Fighter)                  Turns: 829, Time: 00:00:49

Health: 0/21       AC:  1    Str: 15    XL:     2   Next: 83%
Magic:  2/2        EV: 13    Int: 10    God:
Gold:   16         SH:  5    Dex: 11    Spells: 1/1 levels left

rFire   . . .      SeeInvis .   a - +1 rapier
rCold   . . .      Faith    .   b - +1 buckler
rNeg    . . .      Spirit   .   (helmet restricted)
rPois   .          Reflect  .   (no amulet)
rElec   .          Harm     .   (no ring)
rCorr   .          Rampage  .   (no ring)
Will    .....                   (no ring)
Stlth   ++........              (no ring)
HPRegen 0.07/turn               (no ring)
MPRegen 0.08/turn               (no ring)
                                (no ring)
                                (no ring)

@: no status effects
A: almost no armour, amphibious, 8 rings, camouflage 1, gelatinous body 1,
(nimble swimmer 1), tentacles
a: no special abilities


You were on level 1 of the Dungeon.
You visited 1 branch of the dungeon, and saw 2 of its levels.

You collected 16 gold pieces.

Inventory:

Hand Weapons
 a - a +1 rapier (weapon)
Armour
 b - a +1 buckler (worn)
Potions
 c - a potion of might


   Skills:
 - Level 3.0 Fighting
 + Level 2.4 Short Blades
 + Level 3.3 Dodging
 + Level 0.6 Stealth
 + Level 3.2 Shields


You had one spell level left.
You didn't know any spells.
Your spell library was empty.

Dungeon Overview and Level Annotations

Branches:
Dungeon (2/15)

Altars:

Annotations:
D:1 Terence


Innate Abilities, Weirdness & Mutations

You cannot wear most types of armour.
You are amphibious.
You can wear up to eight rings at the same time.
Your skin changes colour to match your surroundings (Stealth+).
Your rubbery body absorbs attacks. (AC +1, EV +1)
((You are camouflaged when in or above water. (Stealth+)))
You have tentacles for arms and can constrict up to eight enemies at once.


Message History

(D) Dungeon
Where to? (? - help)
There is a stone staircase leading down here.
You climb downwards.
Found a lumpy dark potion.
Found a stone staircase leading down.
There is a stone staircase leading up here.
Terence is nearby!
Terence shouts!
Found 15 gold pieces.
Terence hits you with a +0 short sword.
You barely miss Terence. You grab Terence. You constrict Terence.
A worm comes into view.
Terence misses you.
You hit Terence.
Terence is moderately wounded.
You constrict Terence, but do no damage.
Terence hits you with a +0 short sword.
You hit Terence but do no damage.
Terence is moderately wounded.
You constrict Terence, but do no damage.
Terence closely misses you.
You hit Terence.
Terence is moderately wounded.
You constrict Terence, but do no damage.
Terence hits you with a +0 short sword.
You release your grip on Terence.
A ball python comes into view.
Terence says, "Don't bother to defend, it's pointless."
There is a stone staircase leading up here.
Terence closely misses you.
You climb upwards.
There is a stone staircase leading down here.
You closely miss Terence. You grab Terence.
Terence is moderately wounded.
You constrict Terence. You block Terence's attack.
You hit Terence but do no damage.
Terence is heavily wounded.
You constrict Terence. Terence hits you with a +0 short sword!
* * * LOW HITPOINT WARNING * * *
Terence hits you with a +0 short sword.
You die...

............##...........#.#
##.
............##...........#.#
#..
............##...........#.#
#..
............##...........#.#
#..
.####......###...........#.#
#.. .#
#......###...........#.####.#
.#
#####................#......#
.# #.............####....###
.## #......@@.##### #....#
..# #.........# #....# #.##
#.........# #....# .#.##
########### #....### ..#.##
#....+.. ...#.# ##...###
...#.# #...#.. ...#.#
#########...#.. ...#^#
#..............


You could see Terence.

Vanquished Creatures
  2 dart slugs (D:1)
  3 endoplasms (D:1)
  A goblin (D:1)
  3 hobgoblins (D:1)
  A quokka (D:1)
  A bat (D:1)
  A frilled lizard (D:1)
  3 kobolds (D:1)
  A rat (D:1)
16 creatures vanquished.

Notes
Turn   | Place    | Note
-------+----------+-------------------------------------------
     0 | D:1      | zeram the Octopode Fighter began the quest for the Orb.
     0 | D:1      | Reached XP level 1. HP: 16/16 MP: 1/1
   358 | D:1      | Reached XP level 2. HP: 19/21 MP: 2/2
   471 | D:1      | Found a faded altar of an unknown god.
   815 | D:2      | Noticed Terence
   829 | D:1      | Slain by Terence

Illustrated notes

Levels and vault maps discovered:
D:1:      grunt_arrival_lava_bath, layout_basic,
          shapermc_ecumenical_altar_starsandcircs
D:2:      layout_basic, kennysheep_boxes, uniq_crazy_yiuf_cottage, uniq_terence

Action                   || total
-------------------------++-------
Melee: Rapier            ||    36
       Constrict         ||     8
       Tentacles         ||     3
  Use: Scroll            ||     3
 Stab: Sleeping          ||     2
Dodge: Dodged            ||    19
Block: Buckler           ||     5
